 Dungeon Crawl Stone Soup version 0.27.1 (webtiles) character file.

Game seed: 17653298133288466690

1374 nxtlvl the Cutter (level 8, -12/21 (45) HPs)
             Began as a Deep Elf Monk on Sept 5, 2021.
             Was a Believer of Vehumet.
             Mangled by a swamp worm (17 damage)
             ... on level 7 of the Dungeon.
             The game lasted 00:43:14 (3407 turns).

nxtlvl the Cutter (Deep Elf Monk)                   Turns: 3407, Time: 00:43:15

HP:   -12/21 (45)   AC:  8    Str:  8    XL:     8   Next: 39%
MP:   26/28         EV: 14    Int: 22    God:    Vehumet [**....]
Gold: 462           SH:  5    Dex: 17    Spells: 3/7 levels left

rFire    + . .     SeeInvis .   A - +2 dagger (distort)
rCold    . . .     Faith    .   d - +0 buckler
rNeg     . . .     Spirit   .   c - +1 robe {Will+}
rPois    .         Reflect  .   g - +2 hat {Will+}
rElec    .         Harm     .   e - scarf {+Inv}
rCorr    .         Rampage  .   q - +0 pair of gloves
Will     ++...                  f - +1 pair of boots
Stlth    ++........             Z - amulet of Exzuob {rF+ Regen+ Int+4}
HPRegen  1.07/turn              p - ring of magical power
MPRegen  0.21/turn              P - ring of magical power

@: very slightly contaminated, extremely drained, invisible
A: no striking features
a: Renounce Religion, Evoke Invisibility


You were on level 7 of the Dungeon.
You worshipped Vehumet.
Vehumet was pleased with you.
You visited 2 branches of the dungeon, and saw 8 of its levels.
You also visited: Bailey.

You collected 600 gold pieces.
You spent 138 gold pieces at shops.

Inventory:

Hand Weapons
 a - a +0 short sword
 s - a +2 short sword of protection
 A - a +2 dagger of distortion (weapon)
Missiles
 k - 37 arrows
 l - 5 boomerangs
 r - 10 sling bullets
Armour
 c - a +1 robe of willpower (worn)
 d - a +0 buckler (worn)
 e - a scarf of invisibility (worn)
 f - a +1 pair of boots (worn)
 g - a +2 hat of willpower (worn)
 q - a +0 pair of gloves (worn)
 C - a +0 ring mail
 E - a scarf of resistance
Magical Staves
 b - a staff of conjuration
Jewellery
 p - a ring of magical power (left hand)
 y - an amulet of the acrobat
 z - an amulet of magic regeneration
 P - a ring of magical power (right hand)
 Z - the amulet of Exzuob (around neck) {rF+ Regen+ Int+4}
   (You acquired it on level 3 of the Dungeon)

   [amulet of regeneration]

   Int:       It affects your intelligence (+4).
   rF:        It protects you from fire.
   Regen:     It increases your rate of health regeneration.
Wands
 v - a wand of polymorph (6)
 B - a wand of acid (3)
Scrolls
 j - a scroll of teleportation {unknown}
 o - a scroll of fear {unknown}
 w - a scroll of amnesia {unknown}
Potions
 h - a potion of curing {unknown}
 i - a potion of resistance
 m - 2 potions of ambrosia
 n - a potion of heal wounds
 t - a potion of degeneration {unknown}
 u - 2 potions of might
 x - a potion of mutation {unknown}
 D - a potion of cancellation {unknown}


   Skills:
 - Level 2.4 Fighting
 * Level 7.7 Short Blades
 + Level 5.3 Dodging
 - Level 2.4 Stealth
 * Level 3.1 Shields
 * Level 4.4 Conjurations
 + Level 3.3 Evocations


You had 3 spell levels left.
You knew the following spells:

 Your Spells              Type           Power      Damage    Failure   Level
q - Inner Flame           Hex/Fire       0%         N/A       50%         3
z - Magic Dart            Conj           76%        1d6       3%          1

Your spell library contained the following spells:

 Spells                   Type           Power      Damage    Failure   Level


Dungeon Overview and Level Annotations

Branches:
Dungeon (7/15)             Temple (1/1) D:5          Bailey (visited)

Altars:
Ashenzari
Cheibriados
Elyvilon
Fedhas
Gozag
Hepliaklqana
Makhleb
Nemelex Xobeh
Okawaru
Qazlal
Ru
Trog
Vehumet
Wu Jian
Xom
Yredelemnul
Zin
The Shining One

Shops:
D:4 [

Annotations:
D:4 Pikel


Message History

You block the swamp worm's attack.
You continue putting on your scarf of invisibility.
The swamp worm bites you but does no damage.
You continue putting on your scarf of invisibility.
The swamp worm barely misses you.
You finish putting on your scarf of invisibility.
You become transparent for a moment.
You feel much better. The swamp worm bites you!
You feel drained.
You fail to use your ability.
The swamp worm bites you but does no damage.
You feel drained.
You fail to use your ability.
The swamp worm bites you! The swamp worm bites you.
You feel drained.
You fail to use your ability.
The swamp worm completely misses you.
You feel drained.
You fail to use your ability.
The swamp worm barely misses you.
You feel drained.
You fail to use your ability.
The swamp worm bites you!
You feel drained.
You fail to use your ability.
The swamp worm bites you but does no damage.
You feel drained.
You fade into invisibility!
You are very lightly contaminated with residual magic.
The swamp worm barely misses you. You block the swamp worm's attack.
You hit the swamp worm.
Space warps horribly around the swamp worm!
The swamp worm is heavily wounded.
You hit the swamp worm but do no damage.
Space warps horribly around the swamp worm!
The swamp worm is almost dead.
The swamp worm bites you!
Ouch! That really hurt!
* * * LOW HITPOINT WARNING * * *
You closely miss the swamp worm.
The swamp worm is almost dead.
The swamp worm closely misses you.
You hit the swamp worm but do no damage.
The swamp worm is almost dead.
The swamp worm bites you!
Ouch! That really hurt!
You die...

#≈≈≈###≈# ≈≈≈##.#
#≈≈P#≈≈≈≈ #≈≈##.# #≈≈≈P≈w
#≈≈##.# #≈≈P# ##≈≈##.#
#≈≈≈### ###≈≈≈...#
##≈≈≈≈###≈≈≈≈..#.########
#.#≈≈≈≈≈≈≈...##......>..
#.##≈≈≈≈≈..####.....####
#.†....@w.## #####.###
########### #.....#
#.#.#.## ####.......
#....#.#.## ##.#......#
#........... #.≈≈≈≈≈≈≈.#.
#.≈#####≈.#.


You could see a swamp worm.

Vanquished Creatures
  An orc knight (Bailey)
  A swamp worm (D:7)
  2 orc warriors (Bailey)
  A phantom (D:7)
  A wyvern skeleton (D:7)
  A howler monkey (D:4)
  A hound (D:4)
  A gnoll shaman (D:7)
  An iguana (D:4)
  An orc wizard (D:7)
  A howler monkey zombie (D:7)
  5 gnolls
  4 adders
  3 dart slugs
  14 orcs
  5 endoplasms
  5 giant cockroaches
  9 hobgoblins
  12 jackals
  A quokka (D:2)
  A ball python (D:3)
  4 bats
  2 frilled lizards
  11 goblins
  8 kobolds
  5 rats
101 creatures vanquished.

Vanquished Creatures (others)
  2 plants (D:7)
2 creatures vanquished.

Grand Total: 103 creatures vanquished

Notes
Turn   | Place    | Note
-------+----------+-------------------------------------------
     0 | D:1      | nxtlvl the Deep Elf Monk began the quest for the Orb.
     0 | D:1      | Reached XP level 1. HP: 13/13 MP: 3/3
   249 | D:1      | Found a faded altar of an unknown god.
   288 | D:1      | Reached XP level 2. HP: 10/18 MP: 4/4
   528 | D:2      | Reached skill level 4 in Short Blades
   894 | D:3      | Reached XP level 3. HP: 20/22 MP: 5/5
  1545 | D:3      | Identified a scroll of acquirement
  1546 | D:3      | Acquired the amulet of Exzuob {rF+ Regen+ Int+4}
  1707 | D:2      | Reached XP level 4. HP: 27/27 MP: 6/6
  1815 | D:3      | Reached skill level 5 in Short Blades
  1943 | D:4      | Noticed Pikel
  1978 | D:4      | Found Qisuv's Armour Shoppe.
  2270 | D:4      | Bought a +1 pair of boots for 138 gold pieces
  2309 | D:4      | Reached skill level 6 in Short Blades
  2309 | D:4      | Reached XP level 5. HP: 31/31 MP: 7/7
  2412 | D:4      | Reached skill level 1 in Evocations
  2492 | D:4      | You fall into a shaft and drop 1 floor!
  2492 | D:5      | Entered Level 5 of the Dungeon
  2492 | D:5      | Found a staircase to the Ecumenical Temple.
  2502 | Temple   | Entered the Ecumenical Temple
  2600 | Temple   | Became a worshipper of Vehumet
  2600 | Temple   | Reached * piety under Vehumet
  2600 | Temple   | Offered knowledge of Magic Dart by Vehumet.
  2600 | Temple   | Reached ** piety under Vehumet
  2603 | Temple   | Learned a level 1 spell: Magic Dart
  2687 | D:5      | Reached XP level 6. HP: 36/36 MP: 8/8
  2689 | D:5      | Offered knowledge of Static Discharge by Vehumet.
  2762 | D:7      | Noticed a sky beast
  2787 | D:7      | Banished a sky beast
  2788 | D:7      | Reached skill level 1 in Conjurations
  2833 | D:7      | Reached skill level 1 in Shields
  2926 | D:7      | Reached XP level 7. HP: 38/40 MP: 9/9
  2976 | D:7      | Found a flagged portal.
  2994 | Bailey   | Entered a bailey
  3045 | Bailey   | Noticed an orc knight
  3067 | Bailey   | Killed an orc knight
  3068 | Bailey   | Reached skill level 7 in Short Blades
  3165 | Bailey   | Reached skill level 5 in Dodging
  3165 | Bailey   | Reached XP level 8. HP: 45/45 MP: 10/10
  3166 | Bailey   | Offered knowledge of Inner Flame by Vehumet.
  3173 | Bailey   | Learned a level 3 spell: Inner Flame
  3250 | Bailey   | Found a bloodstained altar of Trog.
  3407 | D:7      | Mangled by a swamp worm

Illustrated notes

Levels and vault maps discovered:
D:1:      minmay_arrival_plants_in_alcoves, layout_loops_ring,
          shapermc_ecumenical_altar_notcrosses, serial_glass, glass_columns_a,
          glass_columns_a
D:2:      minmay_chambers_of_ones, layout_basic
D:3:      layout_rooms
D:4:      layout_loops_ring, serial_shops, nicolae_stop_n_shop_1,
          uniq_crazy_yiuf_cottage, uniq_pikel
D:5:      layout_rooms, minmay_temple_entry_antechambers
D:6:      layout_basic
D:7:      layout_loops_ring, enter_bailey_3, chequers_serial_rivers_room_b,
          worms_lemuel
Temple:   dpeg_five_rooms_temple

Skill      XL: |  1  2  3  4  5  6  7  8 |
---------------+-------------------------+-----
Short Blades   | 4 6 7 |  7.7
Dodging        | 4 5 |  5.3
Evocations     | 1 2 3 |  3.3
Conjurations   | 2 3 4 |  4.4
Shields        | 1 2 3 |  3.1
Fighting       | |  2.4
Stealth        | |  2.4

Action                   |  1- 3 |  4- 6 |  7- 9 || total
-------------------------+-------+-------+-------++-------
Melee: Short sword       |   182 |   125 |       ||   307
       Dagger            |       |    91 |    57 ||   148
Throw: Dart              |     3 |    24 |     8 ||    35
       Boomerang         |       |       |     5 ||     5
 Cast: Magic Dart        |       |       |    40 ||    40
 Abil: Evoke Invisibilit |       |       |     1 ||     1
Evoke: Wand              |       |       |    10 ||    10
  Use: Scroll            |     4 |     2 |       ||     6
       Potion            |       |       |     1 ||     1
 Stab: Sleeping          |     7 |       |       ||     7
Armor: Robe              |     7 |     2 |    10 ||    19
       Ring mail         |    38 |    53 |       ||    91
Dodge: Dodged            |    69 |    72 |    30 ||   171
Block: Buckler           |    31 |    32 |    15 ||    78
